Map: Ruins of Seras

Players

Krazed

  • Race: Protoss Protoss
  • League: Platinum

Javert - Winner!

  • Race: Zerg Zerg
  • League: Platinum

VOD

Have the link to the VOD?

Description

Time

  • Played on: July 20, 2015, 4:51 p.m.
  • Length: 5:45
Show
View Real Time Build Order
Export as new Build Order

Krazed Protoss 

Build Orders: Mass Adepts 

Get SALT Encoding   

  12  0:01  Probe  
  13  0:13  Probe  
  14  0:27  Pylon  
  14  0:45  Probe  
  14  0:49  Gateway  
  15  0:54  Assimilator  
  15  0:57  Probe  
  16  1:09  Probe  
  16  1:10  Assimilator  
  17  1:18  Pylon  
  17  1:22  Probe  
  18  1:37  Cybernetics Core  
  18  1:39  Zealot (Chrono Boost)  
  20  1:41  Probe  
  21  1:53  Probe, Pylon  
  22  2:05  Probe  
  22  2:06  Zealot  
  25  2:14  Warp Gate (Chrono Boost)  
  25  2:25  Gateway  
  25  2:29  Gateway  
  25  2:45  Gateway  
  25  2:47  Gateway  
  25  3:17  Pylon  
  25  3:45  Adept x5  
  25  4:06  Adept  
  25  4:07  Adept x2  
  25  4:08  Adept x2, Pylon  
  35  4:20  Mothership Core  
  37  4:33  Adept x3  
  37  4:35  Sentry x2  
  37  4:46  Pylon  
  37  4:48  Probe (Chrono Boost)  
Show
View Real Time Build Order
Export as new Build Order

Javert Zerg - Winner!

Build Orders: Hatch First 

Get SALT Encoding   

  12  0:01  Drone  
  13  0:13  Overlord  
  13  0:19  Drone  
  14  0:32  Drone x2  
  16  0:37  Drone  
  17  0:54  Hatchery  
  16  0:57  Drone  
  16  1:01  Drone, Extractor  
  17  1:09  Drone  
  18  1:22  Spawning Pool  
  17  1:26  Drone  
  17  1:30  Drone  
  19  1:44  Drone  
  20  1:55  Drone  
  21  2:02  Overlord  
  21  2:09  Metabolic Boost  
  21  2:10  Queen  
  21  2:11  Queen  
  21  2:13  Drone  
  21  2:15  Drone  
  27  2:20  Drone  
  28  2:24  Drone  
  28  2:28  Drone  
  30  2:34  Overlord  
  30  2:38  Drone  
  31  2:45  Drone  
  31  2:51  Drone  
  33  2:58  Overlord  
  33  3:01  Zergling x2  
  34  3:07  Zergling x2  
  35  3:13  Zergling x2  
  35  3:18  Zergling x2  
  37  3:23  Zergling x10  
  42  3:37  Zergling x10  
  47  3:51  Zergling x2  
  47  3:52  Zergling x10  
  50  3:57  Overlord  
  49  4:05  Zergling x2  
  45  4:33  Zergling x22  
  45  4:34  Zergling x2  
  50  4:48  Drone x2  
  34  5:06  Zergling x4  
  34  5:07  Zergling x18  
Tags
 
Add a new tag
Caveats
  • Supply blocks, unpowered buildings, or Contaminate may cause inaccurate times.
  • Supply counts are checked every 10 seconds.